Map: Nightshade LE

Players

Patience

  • Race: Protoss Protoss
  • Spawn Location: 11:00

Elazer - Winner!

  • Race: Zerg Zerg
  • Spawn Location: 5:00

Event: IEM Katowice 2020

VOD

Have the link to the VOD?

Description

Time

  • Played on: Feb. 28, 2020, 7:57 a.m.
  • Length: 11:26

All games in this series

Show
View Real Time Build Order
Export as new Build Order

Patience Protoss 

Build Orders: 1 Gate Expand, Mass Adepts 

Get SALT Encoding   

  12  0:00  Probe  
  13  0:13  Probe  
  14  0:19  Pylon  
  14  0:25  Probe (Chrono Boost)  
  15  0:39  Probe (Chrono Boost)  
  15  0:41  Gateway  
  16  0:44  Probe (Chrono Boost)  
  16  0:49  Assimilator  
  17  0:53  Probe  
  18  1:06  Probe  
  19  1:18  Probe  
  20  1:26  Nexus  
  20  1:36  Cybernetics Core  
  20  1:39  Probe  
  21  1:47  Assimilator  
  21  1:51  Probe  
  21  1:54  Pylon  
  22  2:03  Probe  
  23  2:09  Adept (Chrono Boost)  
  23  2:12  Warp Gate  
  23  2:15  Probe  
  26  2:27  Probe  
  26  2:29  Adept (Chrono Boost)  
  27  2:30  Twilight Council  
  29  2:39  Probe  
  29  2:40  Probe  
  31  2:51  Probe  
  31  2:52  Stalker  
  31  2:57  Probe  
  31  2:58  Robotics Facility  
  35  3:07  Probe  
  35  3:10  Resonating Glaives (Chrono Boost)  
  37  3:19  Probe  
  38  3:21  Gateway  
  38  3:22  Gateway  
  37  3:28  Probe  
  38  3:38  Gateway x2  
  38  3:44  Warp Prism (Chrono Boost)  
  38  3:48  Probe  
  41  3:51  Probe  
  42  3:56  Pylon  
  42  4:01  Probe  
  43  4:03  Probe  
  43  4:05  Adept  
  46  4:14  Probe  
  46  4:15  Adept, Observer  
  46  4:16  Adept  
  52  4:20  Pylon  
  52  4:21  Pylon  
  52  4:27  Pylon  
  52  4:40  Adept x2  
  52  4:41  Adept x3  
  52  4:43  Warp Prism (Chrono Boost)  
  60  4:48  Probe  
  63  4:57  Assimilator  
  63  4:58  Assimilator  
  59  5:09  Probe  
  59  5:13  Probe  
  59  5:15  Immortal (Chrono Boost)  
  63  5:22  Adept  
  63  5:23  Adept x4  
  63  5:27  Probe  
  74  5:31  Pylon x2  
  74  5:32  Probe  
  75  5:50  Immortal (Chrono Boost)  
  79  6:01  Nexus  
  79  6:07  Sentry x2  
  79  6:08  Sentry  
  79  6:09  Pylon  
  85  6:32  Immortal (Chrono Boost)  
  85  6:39  Probe x2  
  87  6:40  Pylon, Gateway x2  
  87  6:43  Gateway  
  87  6:50  Forge  
  87  6:52  Blink  
  87  6:55  Probe x2  
  87  7:00  Sentry x2  
  93  7:01  Immortal (Chrono Boost)  
  93  7:07  Probe  
  93  7:08  Probe  
  99  7:12  Adept, Pylon  
  101  7:24  Probe x2  
  103  7:30  Immortal (Chrono Boost)  
  103  7:35  Probe  
  103  7:36  Probe x2  
  110  7:37  Protoss Ground Weapons Level 1  
  110  7:47  Probe, Pylon  
  110  7:48  Probe  
  112  7:53  Adept x3  
  112  7:54  Probe  
  117  7:59  Probe  
  117  8:00  Probe  
  119  8:05  Immortal (Chrono Boost)  
  119  8:09  Probe (Chrono Boost)  
  119  8:11  Probe (Chrono Boost), Assimilator  
  126  8:13  Assimilator  
  126  8:18  Probe (Chrono Boost)  
  127  8:21  Probe (Chrono Boost), Robotics Bay  
  127  8:22  Probe (Chrono Boost)  
  127  8:25  Probe (Chrono Boost), Pylon, Shield Battery  
  129  8:30  Probe  
  130  8:35  Immortal (Chrono Boost)  
  130  8:41  Shield Battery  
  134  8:43  Shield Battery  
  134  8:44  Sentry x3  
  136  8:51  Stalker x2  
  140  9:00  Pylon  
  140  9:02  Pylon  
  140  9:04  Pylon  
  140  9:05  Photon Cannon  
  140  9:06  Shield Battery  
  130  9:14  Sentry x2  
  126  9:19  Zealot x4  
  118  9:24  Disruptor (Chrono Boost)  
  118  9:28  Zealot  
  109  9:37  Stalker  
  109  9:38  Stalker x2  
  91  9:39  Sentry  
  91  9:40  Sentry  
  92  9:46  Zealot x2  
  92  9:50  Disruptor (Chrono Boost)  
  92  9:58  Stalker  
  77  10:03  Stalker x2  
  75  10:13  Stalker x2  
  75  10:17  Stalker  
  74  10:34  Zealot x4  
  67  10:46  Zealot x4  
  63  11:09  Zealot x2  
  63  11:13  Probe x3  
  66  11:20  Cybernetics Core  
Show
View Real Time Build Order
Export as new Build Order

Elazer Zerg - Winner!

Build Orders: Hatch First 

Get SALT Encoding   

  12  0:01  Drone  
  13  0:12  Overlord  
  13  0:16  Drone  
  14  0:30  Drone x2  
  16  0:38  Drone  
  17  0:51  Hatchery  
  17  0:54  Drone  
  17  0:57  Drone  
  18  1:08  Extractor  
  17  1:12  Spawning Pool  
  17  1:15  Drone  
  17  1:18  Drone  
  18  1:28  Drone  
  19  1:38  Drone  
  20  1:49  Overlord  
  20  1:59  Queen  
  22  2:03  Zergling x4, Queen  
  26  2:09  Metabolic Boost  
  26  2:13  Drone  
  26  2:14  Drone  
  28  2:21  Drone  
  29  2:29  Drone  
  30  2:34  Zergling x2  
  31  2:43  Hatchery  
  31  2:44  Queen  
  30  2:48  Overlord  
  32  2:54  Drone  
  32  2:58  Drone x2  
  32  2:59  Drone  
  35  3:07  Zergling x4  
  35  3:10  Zergling x2  
  38  3:13  Drone x2  
  38  3:17  Drone  
  41  3:20  Queen  
  43  3:35  Overlord  
  43  3:41  Extractor, Drone x2, Roach Warren  
  43  3:54  Drone x8  
  51  3:56  Overlord  
  51  4:04  Drone  
  51  4:05  Overlord  
  52  4:10  Lair  
  52  4:12  Zergling x4  
  54  4:18  Overlord  
  54  4:21  Roach x2  
  54  4:23  Roach  
  60  4:27  Roach  
  60  4:29  Roach  
  66  4:31  Roach  
  66  4:33  Roach  
  67  4:38  Roach  
  67  4:39  Roach  
  67  4:42  Roach  
  72  4:47  Roach  
  72  4:49  Zergling x8  
  78  4:56  Roach x2  
  78  4:59  Overlord  
  80  5:01  Overlord  
  80  5:06  Drone x3  
  79  5:10  Drone x2  
  74  5:16  Overseer  
  74  5:19  Overlord  
  74  5:22  Drone  
  74  5:24  Overlord  
  75  5:33  Drone x5  
  80  5:36  Extractor  
  80  5:37  Overlord  
  80  5:39  Glial Reconstitution  
  79  5:46  Roach x2  
  83  5:50  Overlord  
  83  5:54  Roach  
  83  5:55  Roach  
  87  5:58  Overlord  
  87  5:59  Extractor  
  87  6:00  Roach  
  87  6:03  Roach  
  90  6:05  Overlord  
  90  6:07  Roach  
  90  6:09  Roach  
  97  6:11  Drone x3  
  97  6:13  Drone  
  97  6:16  Drone x2  
  97  6:18  Drone  
  99  6:19  Drone  
  99  6:20  Drone  
  101  6:25  Baneling Nest  
  101  6:31  Drone x4  
  101  6:32  Drone  
  105  6:35  Overlord  
  105  6:38  Drone  
  105  6:39  Overlord  
  104  6:42  Overseer  
  104  6:44  Roach  
  107  6:47  Ravager  
  107  6:51  Roach  
  107  6:52  Roach x2  
  113  6:54  Overseer  
  113  6:56  Overlord  
  113  6:58  Roach x2  
  117  7:01  Roach  
  117  7:02  Roach  
  117  7:05  Roach x2  
  117  7:07  Ravager  
  126  7:14  Roach x4  
  134  7:19  Zergling x10  
  134  7:20  Ravager  
  134  7:24  Zergling x6  
  134  7:27  Ravager  
  134  7:28  Zergling x6  
  141  7:34  Zergling x10  
  146  7:38  Extractor, Overlord  
  146  7:40  Centrifical Hooks  
  145  7:46  Zergling x8  
  145  7:49  Ravager  
  146  7:52  Overlord  
  146  7:59  Roach x5  
  146  8:04  Zergling x8  
  158  8:13  Baneling x7  
  158  8:15  Zergling x2  
  158  8:16  Zergling x8  
  163  8:20  Zergling x4  
  163  8:23  Baneling x5  
  163  8:25  Zergling x6  
  168  8:29  Zergling x2  
  168  8:30  Zergling x4  
  171  8:35  Zergling x2  
  171  8:36  Zergling x6  
  171  8:39  Baneling x3  
  171  8:40  Baneling x4  
  174  8:46  Zergling x2  
  174  8:47  Zergling x8  
  176  8:51  Baneling  
  176  8:52  Baneling x5  
  176  8:53  Baneling x3  
  176  8:54  Baneling  
  174  8:59  Baneling  
  174  9:00  Baneling x2  
  174  9:03  Zergling x10  
  174  9:08  Zergling x6  
  173  9:11  Zergling x4  
  173  9:14  Zergling x4  
  166  9:17  Baneling x6  
  166  9:19  Zergling x2  
  148  9:25  Zergling x6  
  148  9:31  Zergling x12  
  144  9:35  Roach  
  144  9:36  Roach  
  136  9:39  Roach  
  136  9:40  Roach  
  136  9:42  Roach  
  135  9:48  Roach x2  
  135  9:51  Roach  
  139  9:56  Roach  
  139  9:57  Roach  
  139  9:59  Roach  
  139  10:02  Burrow  
  139  10:03  Roach  
  134  10:09  Zergling x12  
  134  10:13  Zergling x4  
  128  10:21  Zergling x2  
  128  10:22  Zergling x8  
  128  10:27  Roach  
  123  10:31  Roach x2  
  124  10:38  Zergling x16  
  124  10:41  Zergling x2  
  124  10:45  Zergling x4  
  117  10:52  Zergling x2  
  117  10:55  Zergling x2  
  117  11:00  Zergling x2  
  117  11:01  Zergling x2  
  109  11:04  Zergling x14  
  109  11:10  Ravager x8  
  109  11:11  Ravager  
  129  11:12  Ravager  

Tags
 
Add a new tag
Caveats
  • Supply blocks, unpowered buildings, or Contaminate may cause inaccurate times.
  • Supply counts are checked every 10 seconds.